 Dungeon Crawl Stone Soup version 0.31.0-32-g396128a36d (webtiles) character file.

Game seed: 3950124476736925293

442 NotreDorf the Trooper (level 6, -1/56 HPs)
             Began as a Minotaur Berserker on Mar 30, 2024.
             Was a Priest of Trog.
             Slain by a gnoll sergeant
             ... wielding a +1 antimagic spear
              (2 damage)
             ... on level 4 of the Dungeon.
             The game lasted 00:17:16 (3687 turns).

NotreDorf the Trooper (Minotaur Berserker)          Turns: 3687, Time: 00:17:17

Health: -1/56      AC: 10    Str: 21    XL:     6   Next: 71%
Magic:  0/5        EV: 12    Int:  6    God:    Trog [***...]
Gold:   230        SH:  0    Dex: 10    Spells: 5/5 levels left

rFire   . . .        s - +0 broad axe
rCold   . . .        (no shield)
rNeg    . . .        n - +0 leather armour
rPois   .            w - +2 hat
rElec   .            (no cloak)
rCorr   .            h - +2 pair of gloves
SInv    .            j - +0 pair of boots
Will    .....        (no amulet)
Stlth   +            (no ring)
HPRegen 0.29/turn    (no ring)
MPRegen 0.09/turn

%: no passive effects
@: no status effects
A: horns 2, retaliatory headbutt
a: Renounce Religion, Berserk, Trog's Hand


You were on level 4 of the Dungeon.
You worshipped Trog.
Trog was most pleased with you.
You visited 1 branch of the dungeon, and saw 4 of its levels.
You also visited: Sewer.

You collected 230 gold pieces.

Inventory:

Hand Weapons
 s - a +0 broad axe (weapon)
 t - a +0 war axe
Armour
 h - a +2 pair of gloves (worn)
 j - a +0 pair of boots (worn)
 n - a +0 leather armour (worn)
 w - a +2 hat (worn)
Wands
 k - a wand of polymorph (4)
Scrolls
 a - a scroll of teleportation
 b - 2 scrolls of fog {unknown}
 i - a scroll of torment {unknown}
 u - 2 scrolls of identify
Potions
 d - 3 potions of degeneration
 e - 6 potions of curing
 f - a potion of haste {unknown}
 g - a potion of cancellation
 l - 2 potions of lignification {unknown}
 m - 2 potions of attraction {unknown}
 o - a potion of brilliance {unknown}
 p - 2 potions of heal wounds {unknown}
 q - 3 potions of enlightenment
 r - a potion of berserk rage {unknown}
 v - a potion of mutation


   Skills:
 + Level 5.2 Fighting
 + Level 5.2 Axes
 + Level 4.4 Armour
 + Level 3.9 Dodging
 + Level 3.2 Unarmed Combat


You had 5 spell levels left.
You didn't know any spells.
Your spell library was empty.

Dungeon Overview and Level Annotations

Branches:
Dungeon (4/15)              Sewer (visited)
 Temple: D:4-7

Altars:
Fedhas
Kikubaaqudgha
Makhleb
Sif Muna
Uskayaw
Zin
Lugonu

Shops:
D:1 [[((   D:4 :

Annotations:
D:4 2 runed translucent doors


Innate Abilities, Weirdness & Mutations

You have a pair of horns on your head.
You reflexively headbutt those who attack you in melee.


Message History

You hit the gnoll but do no damage. The gnoll closely misses you.
The gnoll sergeant misses you. The gnoll hits you but does no damage.
The gnoll hits you from afar with a +0 halberd!
* * * LOW HITPOINT WARNING * * *
You hit the gnoll sergeant but do no damage.
You headbutt the gnoll sergeant, but do no damage.
The gnoll sergeant is heavily wounded.
You hit the gnoll.
The gnoll sergeant hits you with a +1 antimagic spear.
* * * LOW HITPOINT WARNING * * *
The gnoll closely misses you. You furiously retaliate!
You headbutt the gnoll.
The gnoll hits you from afar with a +0 halberd.
* * * LOW HITPOINT WARNING * * *
You feel better. The gnoll sergeant barely misses you.
The gnoll closely misses you. You furiously retaliate!
You headbutt the gnoll. The gnoll barely misses you.
You closely miss the gnoll.
The gnoll is severely wounded.
You closely miss the gnoll sergeant.
The gnoll sergeant hits you but does no damage.
The gnoll hits you with a +0 club.
* * * LOW HITPOINT WARNING * * *
The gnoll barely misses you.
The gnoll sergeant hits you but does no damage.
The gnoll hits you with a +0 club.
* * * LOW HITPOINT WARNING * * *
The air fills with toxic fumes!
As you read the scroll of poison, it crumbles to dust.
The gnoll closely misses you. The gnoll hits you with a +0 club.
* * * LOW HITPOINT WARNING * * *
The gnoll sergeant hits you with a +1 antimagic spear!
* * * LOW HITPOINT WARNING * * *
You hit the gnoll. Your headbutt misses the gnoll.
The gnoll is almost dead.
You hit the gnoll sergeant. The gnoll misses you. The gnoll closely misses you.
You furiously retaliate!
You headbutt the gnoll.
You kill the gnoll!
Trog accepts your kill.
The gnoll sergeant hits you with a +1 antimagic spear.
You die...

# ............... #
##§§§§§§......######... #
.§§§§§§§....... .. ##
..§§§§§§§..#.... . .###
.####§§§§§..###. #
...##....§§§§§§§. .. ..
##......#..§§§§§# .##§#§#
##.###..<§#§§#§§##§§§§§§.
#........§§§§§§§@)g§§§§§.
#.†.#....§§§§§§§g##§§§§§.
#..#)..####§§§§§§# .§§§.
#.##..#####§§§§§§##....§.
#.#...##.§§§§§§§§§.# ##.
....#....########§...#
)..#...### §..## )..#.###
#§..# ..#### ##...


You could see a gnoll sergeant and a gnoll.

Vanquished Creatures
  A brain worm (Sewer)
  A bombardier beetle (D:3)
  A hound (D:4)
  An iguana (D:4)
  A sleepcap (D:4)
  An orc wizard (D:4)
  Natasha (twice) (D:3)
  3 gnolls (D:4)
  5 adders
  3 river rats (Sewer)
  5 dart slugs
  2 ribbon worms (D:3)
  3 orcs
  15 bats
  6 endoplasms
  8 giant cockroaches
  2 goblins (D:1)
  4 hobgoblins
  6 quokkas
  8 ball pythons
  9 frilled lizards
  10 kobolds
  9 rats
106 creatures vanquished.

Notes
Turn   | Place    | Note
-------+----------+-------------------------------------------
     0 | D:1      | NotreDorf the Minotaur Berserker began the quest for the
                  | Orb.
     0 | D:1      | Reached XP level 1. HP: 19/19 MP: 0/0
    95 | D:1      | Found Ederph's Weapon Shop.
   312 | D:1      | Reached XP level 2. HP: 27/27 MP: 1/1
   536 | D:1      | Found Duryzxinn's Weapon Shop.
   754 | D:1      | Found Xialed's Armour Emporium.
  1002 | D:1      | Found Heokaery's Armour Shop.
  1387 | D:2      | Reached skill level 1 in Unarmed Combat
  1400 | D:2      | Found a hide-covered altar of Uskayaw.
  1407 | D:2      | Reached XP level 3. HP: 33/33 MP: 2/2
  1557 | D:2      | Reached ** piety under Trog
  1582 | D:2      | Found a faded altar of an unknown god.
  2347 | D:3      | Reached XP level 4. HP: 40/40 MP: 3/3
  2517 | D:3      | Noticed Natasha
  2528 | D:3      | Killed Natasha
  2553 | D:3      | Found a glowing drain.
  2563 | Sewer    | Entered a sewer
  2722 | Sewer    | Noticed a brain worm
  2724 | Sewer    | Reached XP level 5. HP: 47/47 MP: 4/4
  2732 | Sewer    | Reached *** piety under Trog
  3357 | D:3      | Reached XP level 6. HP: 55/55 MP: 5/5
  3383 | D:3      | Noticed Natasha
  3391 | D:3      | Killed Natasha
  3497 | D:4      | Found a large runed translucent door.
  3497 | D:4      | Found a large runed translucent door.
  3497 | D:4      | Found a corrupted altar of Lugonu.
  3503 | D:4      | Found a shimmering blue altar of Sif Muna.
  3506 | D:4      | Reached skill level 5 in Fighting
  3509 | D:4      | Reached skill level 5 in Axes
  3509 | D:4      | Found a blossoming altar of Fedhas.
  3510 | D:4      | Found an ancient bone altar of Kikubaaqudgha.
  3512 | D:4      | Found a burning altar of Makhleb.
  3513 | D:4      | Found a glowing silver altar of Zin.
  3526 | D:4      | Found Uxailople's Book Boutique.
  3686 | D:4      | HP: 1/56 [gnoll sergeant/+1 antimagic spear (7)]
  3687 | D:4      | Slain by a gnoll sergeant

Illustrated notes

Levels and vault maps discovered:
D:1:      dpeg_arrival_rhombus, layout_basic, serial_shops, shop,
          shop_fountains, shop, nicolae_shop_stone,
          hangedman_abyss_or_decor_lesser_grid, minmay_tree_intersection
D:2:      layout_loops_ring, ebering_ecumenical_altar_rust, basic_altar
D:3:      layout_loops_ring, portal_sewer_entry_e, uniq_natasha
D:4:      due_chaos_kobolds, layout_rooms, grunt_temple_overflow_open,
          nicolae_stop_n_shop_2, uniq_robin

Skill      XL: |  1  2  3  4  5  6 |
---------------+-------------------+-----
Unarmed Combat | 1 2 3 |  3.2
Axes           | 4 5 |  5.2
Fighting       | 4 5 |  5.2
Armour         | 3 4 |  4.4
Dodging        | 3 |  3.9

Action                     |  1- 3 |  4- 6 || total
---------------------------+-------+-------++-------
  Melee: Hand axe          |    63 |       ||    63
         Headbutt          |    13 |    16 ||    29
         Dagger            |     9 |       ||     9
         Broad axe         |    30 |   118 ||   148
         Punch             |       |     3 ||     3
    Use: Scroll            |     7 |     1 ||     8
         Potion            |       |     1 ||     1
   Stab: Sleeping          |     1 |       ||     1
 Armour: Animal skin       |    24 |       ||    24
         Leather armour    |    27 |   101 ||   128
  Dodge: Dodged            |    70 |   112 ||   182
